 Dungeon Crawl Stone Soup version 0.31-a0-851-g7ff8af7976 (webtiles) character file.

Game seed: 12329986568321004854

190366 BinkBink the Warrior (level 18, -2/174 (180) HPs)
             Began as a Hill Orc Fighter on Oct 6, 2023.
             Was the Champion of Dithmenos.
             Blown up by an orb spider (32 damage)
             ... with an orb of destruction
             ... on level 4 of the Spider Nest.
             The game lasted 00:57:32 (32491 turns).

BinkBink the Warrior (Hill Orc Fighter)            Turns: 32491, Time: 00:57:33

HP:   -2/174 (180)  AC: 39    Str: 30    XL:     18   Next: 61%
MP:   7/27          EV:  8    Int:  8    God:    Dithmenos [******]
Gold: 1336          SH: 20    Dex: 12    Spells: 17/17 levels left

rFire   . . .        c - +7 broad axe of Sakkiam {protect, MP+9 Str+3 Dex+2}
rCold   . . .        q - +1 kite shield {reflect}
rNeg    . . .        x - +2 plate armour
rPois   .            T - +2 hat {Stlth+}
rElec   .            (no cloak)
rCorr   .            b - +2 pair of gloves {infuse}
SInv    .            Z - +3 pair of seven-league boots {Rampage+∞}
Will    +....        u - amulet of reflection Stlth
                     p - +4 ring of protection
HPRegen 0.49/turn    P - +4 ring of protection
MPRegen 0.20/turn

%: reflection, rampage+∞, infuse magic (1 MP)
@: wreathed by umbra, studying 3 skills, lightly drained
A: sense surroundings 1, evolution 1
a: Renounce Religion, Shadow Step, Shadow Form


You were on level 4 of the Spider Nest.
You worshipped Dithmenos.
Dithmenos was exalted by your worship.
You visited 5 branches of the dungeon, and saw 26 of its levels.
You also visited: Sewer and Volcano.

You collected 2837 gold pieces.
You spent 1501 gold pieces at shops.

Inventory:

Hand Weapons
 c - the +7 broad axe of Sakkiam (weapon) {protect, MP+9 Str+3 Dex+2}
   (You bought it in a shop on level 2 of the Orcish Mines)

   Str+3:     It affects your strength (+3).
   Dex+2:     It affects your dexterity (+2).
   MP+9:      It affects your magic capacity (+9).
 y - a +6 spectral war axe
 F - the +7 broad axe of Nutoets {antimagic, rCorr Int+4 SInv}
   (You bought it in a shop on level 9 of the Dungeon)

   Int+4:     It affects your intelligence (+4).
   SInv:      It lets you see invisible.
   rCorr:     It protects you from acid and corrosion.
Armour
 b - a +2 pair of gloves of infusion (worn)
 q - a +1 kite shield of reflection (worn)
 x - a +2 plate armour (worn)
 A - a +2 pair of boots
 T - a +2 hat of stealth (worn)
 Z - the +3 pair of seven-league boots (worn) {Rampage+∞}
   (You found it in a volcano)

   Rampage+∞: When moving toward enemies, its wearer moves as far as possible,
   alerting their target en route.
Jewellery
 k - a ring of poison resistance
 p - a +4 ring of protection (left hand)
 t - a ring of positive energy
 u - an amulet of reflection (around neck)
 v - an amulet of magic regeneration
 B - a ring of magical power
 D - a ring of protection from fire
 K - a +6 ring of intelligence
 L - a ring of protection from fire
 O - a ring of see invisible
 P - a +4 ring of protection (right hand)
 V - a +4 ring of protection
 X - a ring of ice
 Y - a ring of protection from cold
Wands
 s - a wand of flame (48)
 E - a wand of quicksilver (21)
 H - a wand of roots (33)
 N - a wand of polymorph (8)
 R - a wand of paralysis (11)
Scrolls
 d - 9 scrolls of identify
 e - 3 scrolls of brand weapon
 g - a scroll of fog
 l - 4 scrolls of revelation
 m - 7 scrolls of amnesia
 n - 3 scrolls of poison
 C - 4 scrolls of immolation
 I - a scroll of butterflies
 Q - 4 scrolls of fear
 U - a scroll of silence
 W - 3 scrolls of teleportation
Potions
 a - 4 potions of resistance
 f - 4 potions of curing
 h - 6 potions of haste
 i - 5 potions of cancellation
 j - a potion of invisibility
 o - 3 potions of attraction
 r - 6 potions of brilliance
 w - a potion of berserk rage
 z - 6 potions of mutation
 G - 7 potions of heal wounds
 J - 3 potions of enlightenment
 M - 2 potions of lignification


   Skills:
 + Level 20.4 Fighting
 - Level 18.0 Axes
 + Level 18.9 Armour
 + Level 18.8 Shields


You had 17 spell levels left.
You didn't know any spells.
Your spell library contained the following spells:

 Spells                   Type           Power      Damage    Failure   Level
 Kiss of Death            Conj/Necr      0%         2d5       93%         1
 Magic Dart               Conj           0%         1d3       93%         1
 Call Imp                 Summ           0%         N/A       98%         2
 Sublimation of Blood     Necr           0%         N/A       98%         2
 Call Canine Familiar     Summ           0%         N/A       100%        3
 Confusing Touch          Hex            0%         N/A       100%        3
 Ignite Poison            Fire/Tmut/Pois 0%         N/A       100%        3
 Mephitic Cloud           Conj/Pois/Air  0%         N/A       100%        3
 Sigil of Binding         Hex            0%         N/A       100%        3
 Dimensional Bullseye     Hex/Tloc       0%         N/A       100%        4
 Dispel Undead            Necr           0%         3d6       100%        4
 Leda's Liquefaction      Hex/Erth       0%         N/A       100%        4
 Petrify                  Tmut/Erth      0%         N/A       100%        4
 Vhi's Electric Charge    Tloc/Air       0%         N/A       100%        4
 Arcjolt                  Conj/Air       0%         1d10      100%        5
 Irradiate                Conj/Tmut      0%         3d11      100%        5
 Iskenderun's Battlesphe  Conj           0%         2d6       100%        5
 Bombard                  Conj/Erth      0%         9d1       100%        6
 Eringya's Noxious Bog    Tmut/Pois      0%         4d6       100%        6
 Plasma Beam              Fire/Air       0%         2x1d10    100%        6
 Spellforged Servitor     Conj/Summ      0%         N/A       100%        7


Dungeon Overview and Level Annotations

Branches:
Dungeon (14/15)            Temple (0/1) D:4            Lair (5/5) D:8
  Swamp (0/4) Lair:2       Spider (4/4) Lair:3        Slime (0/5) Lair:4
    Orc (2/2) D:11            Elf (1/3) Orc:2        Vaults (0/5) D:13
  Sewer (visited)         Volcano (visited)

Altars:
Dithmenos
Fedhas
Gozag
Kikubaaqudgha
Qazlal
Ru
Trog
Wu Jian
Xom
Yredelemnul
Beogh
Jiyva

Shops:
D:9 ([[!*   D:11 !==   Orc:1 *   Orc:2 !((=

Portals:
Bazaar: D:14

Annotations:
D:10 2 transporters, temujin's ghost, novice DECj
Lair:3 3 runed translucent doors, Gargoyl's ghost, journeyman GrBe
Spider:3 Roxanne


Innate Abilities, Weirdness & Mutations

You passively map a small area around you.
You have hidden genetic potential.


Message History

The jumping spider is heavily wounded.
Your shadow hits the jumping spider with a broad axe.
The jumping spider pounces on you but does no damage.
You block the jumping spider's attack. x2
The jumping spider completely misses you.
You hit the jumping spider.
Your weapon exudes an aura of protection.
The jumping spider is severely wounded.
Your shadow hits the jumping spider but does no damage.
You block the jumping spider's attack. x2
You closely miss the jumping spider.
The jumping spider is severely wounded.
The jumping spider pounces on you but does no damage.
The jumping spider bites you but does no damage.
The orb spider weaves a glowing orb of energy.
An orb of destruction comes into view.
You closely miss the jumping spider.
The jumping spider is severely wounded.
Your shadow hits the jumping spider with a broad axe!
The jumping spider leaps!
You block the jumping spider's attack. x2
You barely miss the jumping spider.
The jumping spider is almost dead.
Your shadow hits the jumping spider with a broad axe!
You kill the jumping spider!
Dithmenos accepts your kill. The orb of destruction hits you!!!
* * * LOW HITPOINT WARNING * * *
You emit a cloud of dark smoke.
As you read the scroll of fear, it crumbles to dust.
You assume a fearsome visage.
The orb spider looks frightened!
You enter the shallow water.
Moving in this stuff is going to be slow.
You see here a jumping spider corpse.
The orb spider seems to regain its courage.
The orb spider spins a strand of pure energy.
The orb spider weaves a glowing orb of energy.
An orb of destruction comes into view.
The orb of destruction hits you!!
You die...

#..#~†#~##~# , #...#~###
#..†~~#~~~ # #....~###
#.^§§~#~~.^# , , ^* ,,#....^#.#
#^§§§.#~...# *** * #..#..#..
#.§§#†#...... , , ,#.....#.8
#§§§..#..#/..^ , ,*#^...##.^
#.§§§.#....... , #.....#..
#..°§§###################..~~.#.8
##s§§§§§~~~#~~~.@.....^..#~~~~#..
#..§§§†§§s○○°°○○..........~~~~#..
#....~#~~~.^..#...#.~~~....~~~#.8
#....~~~~^.^......^~~#~~...#..#..
#.#..~~..#.......~~~~~~~~.....#..
###############################.8
##.. #..# #..#


You could see an orb spider.

Vanquished Creatures
  Gastronok (Lair:1)
  Donald (Orc:1)
  4 emperor scorpions
  3 ghost moths
  An ironbound thunderhulk (D:13)
  2 spark wasps
  A red draconian (Volcano)
  A fire dragon (D:13)
  5 entropy weavers
  Josephine (D:11)
  Harold (Lair:1)
  Fannar (Lair:2)
  6 hydras
  A vault guard (D:13)
  2 radroaches
  2 jorogumos
  3 ogre magi
  4 centaur warriors
  3 catoblepae
  A death knight (D:13)
  18 two-headed ogres
  4 boulder beetles
  A deep troll shaman (Lair:5)
  5 tengu warriors
  A deep troll earth mage (D:13)
  12 death yaks
  14 demonic crawlers
  2 deep elf knights (Elf:1)
  A skeletal warrior (D:13)
  2 skysharks
  Amaemon (Lair:1)
  5 pharaoh ants
  4 orb spiders
  A sun moth (Spider:3)
  2 deep elf archers (Elf:1)
  2 deep trolls (Orc:2)
  7 steelbarb worms
  An orange crystal statue (D:8)
  2 harpies (shapeshifter) (D:13)
  A phantasmal warrior (D:13)
  3 lindwurms (Lair:5)
  A deep elf zephyrmancer (Elf:1)
  2 ugly things
  3 orc knights
  8 deep elf pyromancers
  An oklob plant (Lair:1)
  13 wolf spiders
  2 orc sorcerers (Orc:1)
  6 cyclopes
  23 elephants
  A manticore (D:13)
  4 moths of wrath
  2 black mambas
  Maurice (D:8)
  An orange demon (Lair:1)
  3 torpor snails
  A molten gargoyle (Volcano)
  12 komodo dragons
  7 cane toads
  2 gargoyles
  Psyche (D:8)
  3 rime drakes
  An efreet (D:13)
  A tengu conjurer (D:13)
  2 kobold demonologists
  Jeremiah (D:8)
  13 trolls
  4 polar bears
  3 spectral culicivoras (Spider:4)
  31 blink frogs
  11 tarantellas
  2 hornets (D:9)
  A blink frog (shapeshifter) (D:13)
  A spectral jumping spider (Spider:4)
  13 jumping spiders
  8 wraiths
  5 slime creatures
  A centaur simulacrum (D:13)
  A vampire (D:12)
  18 culicivoras
  9 fire bats
  2 wyverns
  A shadow (D:12)
  3 humans (D:13)
  49 yaks
  4 basilisks
  39 redbacks
  7 vampire mosquitoes
  Menkaure (D:7)
  5 acid dragons
  14 water moccasins
  A black bear (Lair:5)
  29 orc warriors
  A swamp drake (D:8)
  2 ice beasts
  4 centaurs
  16 wolves
  20 ogres
  2 phantoms
  12 bullfrogs
  4 kobold brigands
  3 scorpions
  2 gnoll sergeants
  13 wights
  11 killer bees
  An electric eel (D:13)
  4 howler monkeys
  7 lava snakes (Volcano)
  24 orc priests
  5 jellies
  Crazy Yiuf (D:2)
  A hound (D:5)
  3 iguanas
  A sleepcap (D:8)
  A gnoll bouda (D:9)
  18 orc wizards
  6 hell rats (Lair:2)
  11 gnolls
  21 adders
  6 river rats
  4 shadow imps
  3 white imps
  2 ufetubi (D:5)
  A worm (D:2)
  3 dart slugs
  89 orcs
  2 bat zombies (D:8)
  7 endoplasms
  6 giant cockroaches
  5 hobgoblins
  36 kobolds
  2 quokkas (D:2)
  15 ball pythons
  8 bats
  6 frilled lizards
  8 goblins
  26 rats
  A rat zombie (D:8)
935 creatures vanquished.

Vanquished Creatures (others)
  A deep elf pyromancer (Elf:1)
  A jumping spider (Spider:4)
  A water elemental (Elf:1)
3 creatures vanquished.

Grand Total: 938 creatures vanquished

Notes
Turn   | Place    | Note
-------+----------+-------------------------------------------
     0 | D:1      | BinkBink the Hill Orc Fighter began the quest for the Orb.
     0 | D:1      | Reached XP level 1. HP: 19/19 MP: 1/1
   283 | D:1      | Reached XP level 2. HP: 27/27 MP: 2/2
   743 | D:2      | Reached skill level 4 in Fighting
   743 | D:2      | Reached XP level 3. HP: 30/33 MP: 3/3
  1045 | D:2      | Reached XP level 4. HP: 40/40 MP: 4/4
  1145 | D:2      | Found a runed translucent door.
  1146 | D:2      | Noticed Crazy Yiuf
  1869 | D:3      | Reached XP level 5. HP: 47/47 MP: 5/5
  2188 | D:4      | Noticed a phantom
  2198 | D:3      | Killed a phantom
  2331 | D:4      | Found a shadowy altar of Dithmenos.
  2344 | D:4      | Became a worshipper of Dithmenos the Shadowed
  2359 | D:4      | Reached skill level 5 in Fighting
  2359 | D:4      | Reached XP level 6. HP: 19/56 MP: 6/6
  2875 | D:4      | Found a staircase to the Ecumenical Temple.
  3178 | D:4      | Reached skill level 5 in Axes
  3356 | D:5      | Entered Level 5 of the Dungeon
  3371 | D:5      | Reached skill level 5 in Shields
  3425 | D:5      | Reached skill level 5 in Armour
  3425 | D:5      | Reached XP level 7. HP: 37/61 MP: 7/7
  3686 | D:5      | Found a bloodstained altar of Trog.
  3686 | D:5      | Found an opulent altar of Gozag.
  3773 | D:5      | Reached * piety under Dithmenos
  4106 | D:5      | Noticed a troll
  4113 | D:5      | Killed a troll
  4114 | D:5      | Reached skill level 6 in Fighting
  4188 | D:5      | Found an ornate altar of the Wu Jian Council.
  4446 | D:5      | Reached XP level 8. HP: 68/71 MP: 8/8
  4892 | D:6      | Found a glowing drain.
  4908 | Sewer    | Entered a sewer
  4987 | Sewer    | Reached ** piety under Dithmenos
  5017 | Sewer    | Reached skill level 7 in Fighting
  5615 | D:6      | Found a sacrificial altar of Ru.
  5616 | D:6      | Reached *** piety under Dithmenos
  5856 | D:6      | Found a shimmering altar of Xom.
  5883 | D:6      | Found a blossoming altar of Fedhas.
  5884 | D:6      | Found a stormy altar of Qazlal.
  5973 | D:6      | Reached XP level 9. HP: 79/79 MP: 9/9
  6618 | D:7      | Noticed Menkaure
  6621 | D:7      | Killed Menkaure
  6622 | D:7      | Reached skill level 8 in Fighting
  6923 | D:7      | Noticed a komodo dragon
  7234 | D:8      | Noticed a komodo dragon
  7245 | D:8      | Killed a komodo dragon
  7245 | D:8      | Reached **** piety under Dithmenos
  7350 | D:8      | Noticed Jeremiah
  7363 | D:8      | Killed Jeremiah
  7522 | D:8      | Noticed a komodo dragon
  7532 | D:8      | Killed a komodo dragon
  7533 | D:8      | Reached skill level 9 in Fighting
  7533 | D:8      | Reached XP level 10. HP: 91/91 MP: 10/10
  7543 | D:8      | Found a staircase to the Lair.
  7818 | D:8      | Reached skill level 10 in Axes
  8036 | D:8      | Noticed an orange crystal statue
  8240 | D:8      | Noticed Maurice
  8245 | D:8      | Killed Maurice
  8276 | D:8      | Noticed Psyche
  8278 | D:8      | Reached skill level 10 in Fighting
  8544 | D:8      | Killed Psyche
  8741 | D:8      | Found an ancient bone altar of Kikubaaqudgha.
  8828 | D:9      | Found Zeisik's Distillery.
  8861 | D:9      | Bought a potion of heal wounds for 50 gold pieces
  8861 | D:9      | Bought a potion of mutation for 80 gold pieces
  8861 | D:9      | Bought a potion of mutation for 80 gold pieces
  8861 | D:9      | Bought a potion of mutation for 80 gold pieces
  8931 | D:9      | Reached XP level 11. HP: 101/101 MP: 11/11
  8954 | D:9      | Reached ***** piety under Dithmenos
  9002 | D:9      | Found Fuwuenaa's General Store.
  9013 | D:9      | Bought a scroll of identify for 26 gold pieces
  9013 | D:9      | Bought a scroll of identify for 26 gold pieces
  9332 | D:9      | Found Jorhak's Antique Weapon Boutique.
  9379 | D:9      | Bought a crude broad axe for 270 gold pieces
  9379 | D:9      | Identified the +7 broad axe of Nutoets {antimagic, rCorr
                  | Int+4 SInv} (You bought it in a shop on level 9 of the
                  | Dungeon)
  9385 | D:9      | Found Kesta's Armour Shop.
  9395 | D:9      | Found Ofenkuid's Armour Shop.
  9472 | D:9      | Reached skill level 10 in Armour
  9753 | D:10     | Entered Level 10 of the Dungeon
  9786 | D:10     | Found a transporter.
  9875 | D:10     | Reached skill level 10 in Shields
 10081 | D:10     | Noticed temujin's ghost (novice DECj)
 10086 | D:10     | Found a transporter.
 10172 | D:10     | Got a vellum book
 10301 | D:10     | Found a basalt altar of Yredelemnul.
 10377 | D:11     | Found a staircase to the Orcish Mines.
 10448 | D:11     | Noticed a two-headed ogre
 10456 | D:11     | Killed a two-headed ogre
 10457 | D:11     | Reached skill level 11 in Fighting
 10618 | D:11     | Paralysed by an orc priest for 2 turns
 10871 | D:11     | Noticed a two-headed ogre
 10876 | D:11     | Killed a two-headed ogre
 10887 | D:11     | Noticed a two-headed ogre
 10896 | D:11     | Killed a two-headed ogre
 11088 | D:11     | Noticed Josephine
 11096 | D:11     | Killed Josephine
 11218 | D:11     | Noticed a cyclops
 11225 | D:11     | Killed a cyclops
 11226 | D:11     | Reached XP level 12. HP: 112/112 MP: 4/12
 11261 | D:11     | Reached skill level 12 in Fighting
 11293 | D:11     | Found Waigeyll's Jewellery Boutique.
 11313 | D:11     | Found Cakhlopno's Distillery.
 11356 | D:11     | Noticed a boulder beetle
 11370 | D:11     | Killed a boulder beetle
 11570 | D:11     | Found Vutischad's Jewellery Boutique.
 11832 | D:12     | You fall into a shaft and drop 2 floors!
 11848 | D:14     | Noticed a centaur warrior
 11862 | D:14     | Killed a centaur warrior
 11958 | D:14     | Found a flickering gateway to a bazaar.
 11958 | D:14     | Noticed a centaur warrior
 11967 | D:14     | Killed a centaur warrior
 12169 | D:14     | Noticed a tengu warrior
 12169 | D:14     | Noticed a tengu warrior
 12182 | D:14     | Killed a tengu warrior
 12189 | D:14     | Killed a tengu warrior
 12428 | D:13     | Noticed a tengu warrior
 12428 | D:13     | Noticed a tengu warrior
 12437 | D:13     | Killed a tengu warrior
 12438 | D:13     | Killed a tengu warrior
 12695 | D:13     | Noticed a tengu warrior
 12719 | D:13     | Killed a tengu warrior
 12720 | D:13     | Reached skill level 13 in Fighting
 12974 | D:13     | Noticed a vault guard
 13072 | D:13     | Noticed an ironbound thunderhulk
 13079 | D:13     | Found a huge runed gate.
 13079 | D:13     | Found a huge runed gate.
 13079 | D:13     | Found a huge runed gate.
 13368 | D:12     | Reached XP level 13. HP: 104/122 MP: 4/13
 14435 | D:12     | Identified 2 scrolls of acquirement
 14436 | D:12     | Acquired a manual of Axes
 14438 | D:12     | Acquired a manual of Maces & Flails
 14697 | D:13     | Found a huge runed gate.
 14697 | D:13     | Found a huge runed gate.
 14697 | D:13     | Found a huge runed gate.
 14697 | D:13     | Found a huge runed gate.
 14697 | D:13     | Found a huge runed gate.
 14697 | D:13     | Found a huge runed gate.
 14697 | D:13     | Found a huge runed gate.
 14697 | D:13     | Found a huge runed gate.
 14698 | D:13     | Found a huge runed gate.
 14698 | D:13     | Found a huge runed gate.
 14699 | D:13     | Found a huge runed gate.
 14700 | D:13     | Found a huge runed gate.
 14701 | D:13     | Found a huge runed gate.
 14702 | D:13     | Found a huge runed gate.
 14703 | D:13     | Found a huge runed gate.
 14712 | D:13     | Found a huge runed gate.
 14712 | D:13     | Found a huge runed gate.
 14712 | D:13     | Found a huge runed gate.
 14712 | D:13     | Found a huge runed gate.
 14712 | D:13     | Found a huge runed gate.
 14712 | D:13     | Found a huge runed gate.
 14713 | D:13     | Found a huge runed gate.
 14722 | D:13     | Reached ****** piety under Dithmenos
 14737 | D:13     | Killed an ironbound thunderhulk
 14942 | D:13     | Killed a vault guard
 15094 | D:13     | Noticed a fire dragon
 15107 | D:13     | Killed a fire dragon
 15108 | D:13     | Reached skill level 15 in Axes
 15148 | D:13     | Reached skill level 14 in Fighting
 15795 | D:13     | Found a huge runed gate.
 15795 | D:13     | Found a huge runed gate.
 15802 | D:13     | Found a huge runed gate.
 15802 | D:13     | Found a huge runed gate.
 15802 | D:13     | Found a huge runed gate.
 15802 | D:13     | Found a huge runed gate.
 15802 | D:13     | Found a huge runed gate.
 15802 | D:13     | Found a huge runed gate.
 15813 | D:13     | Found a huge runed gate.
 15813 | D:13     | Found a huge runed gate.
 15813 | D:13     | Found a huge runed gate.
 15864 | D:13     | Found a gate to the Vaults.
 16386 | D:13     | Noticed a sphinx
 16386 | D:13     | Noticed a sphinx
 16386 | D:13     | Noticed an ettin
 16386 | D:13     | Noticed a tengu reaver
 16386 | D:13     | Noticed an entropy weaver
 16386 | D:13     | Noticed a tengu reaver
 16386 | D:13     | Noticed a sphinx
 16386 | D:13     | Noticed a shadow dragon
 16386 | D:13     | Noticed a stone giant
 16386 | D:13     | Noticed an ettin
 16387 | D:13     | an entropy weaver changed into a guardian serpent
 16723 | Lair:1   | Entered Level 1 of the Lair of Beasts
 16966 | Lair:1   | Noticed Gastronok
 16999 | Lair:1   | Killed Gastronok
 17000 | Lair:1   | Reached XP level 14. HP: 86/133 MP: 4/14
 17252 | Lair:1   | Noticed Amaemon
 17263 | Lair:1   | Killed Amaemon
 17611 | Lair:1   | Noticed Harold
 17632 | Lair:1   | Killed Harold
 18073 | Lair:2   | Reached skill level 15 in Fighting
 18516 | Lair:2   | Noticed Fannar
 18536 | Lair:2   | Killed Fannar
 18844 | Lair:2   | Found a staircase to the Swamp.
 19459 | Lair:3   | Found a runed translucent gate.
 19459 | Lair:3   | Found a runed translucent gate.
 19460 | Lair:3   | Found a runed translucent gate.
 19503 | Lair:3   | Found a dark tunnel.
 19518 | Volcano  | Entered a volcano
 19641 | Volcano  | Reached skill level 16 in Fighting
 19872 | Volcano  | Found a radiant altar of Vehumet.
 19884 | Volcano  | Reached XP level 15. HP: 127/144 MP: 5/15
 20085 | Volcano  | Reached skill level 15 in Armour
 20085 | Volcano  | Reached skill level 15 in Shields
 20113 | Volcano  | Found the +3 pair of seven-league boots {Rampage+∞}
 20486 | Lair:3   | Noticed Gargoyl's ghost (journeyman GrBe)
 21011 | Orc:1    | Entered Level 1 of the Orcish Mines
 21227 | Orc:1    | Found Epaant's Assorted Antiques.
 21518 | Orc:2    | Entered Level 2 of the Orcish Mines
 21565 | Orc:2    | Noticed Donald
 21606 | Orc:1    | Killed Donald
 21817 | Orc:1    | Gained mutation: You have hidden genetic potential. [potion
                  | of mutation]
 22135 | Orc:2    | Found a roughly hewn altar of Beogh.
 22153 | Orc:2    | Found a staircase to the Elven Halls.
 22166 | Orc:2    | Found Vom Ywne's Weapon Shop.
 22186 | Orc:2    | Found Ebaderu's Distillery.
 22186 | Orc:2    | Found Qoreil's Jewellery Emporium.
 22217 | Orc:2    | Reached skill level 17 in Fighting
 22440 | Orc:2    | Bought a potion of heal wounds for 80 gold pieces
 22440 | Orc:2    | Bought 2 potions of heal wounds for 160 gold pieces
 22440 | Orc:2    | Bought a potion of heal wounds for 80 gold pieces
 22456 | Orc:2    | Found Capih's Antique Weapon Shop.
 22464 | Orc:2    | Bought an iridescent broad axe for 225 gold pieces
 22464 | Orc:2    | Identified the +7 broad axe of Sakkiam {protect, MP+9 Str+3
                  | Dex+2} (You bought it in a shop on level 2 of the Orcish
                  | Mines)
 23714 | Lair:3   | Found a hole to the Spider Nest.
 23865 | Lair:4   | Found a viscous altar of Jiyva.
 23868 | Lair:4   | Found a staircase to the Slime Pits.
 24200 | Lair:4   | Reached XP level 16. HP: 157/157 MP: 16/16
 24578 | Lair:5   | Entered Level 5 of the Lair of Beasts
 24777 | Lair:5   | Reached skill level 18 in Fighting
 25470 | Lair:5   | Gained mutation: You passively map a small area around you.
                  | [hidden potential]
 26153 | Elf:1    | Entered Level 1 of the Elven Halls
 26913 | Orc:2    | Reached XP level 17. HP: 166/166 MP: 17/17
 27158 | D:2      | Killed Crazy Yiuf
 27317 | D:8      | Identified the +1 spear of Meerir {flame, rN+}
 27518 | D:9      | Bought a +2 pair of gloves of infusion for 344 gold pieces
 27686 | Spider:1 | Entered Level 1 of the Spider Nest
 27742 | Spider:1 | Reached skill level 19 in Fighting
 29206 | Spider:2 | Identified the +1 chain mail of the Ten Hurting Mice {Dex+4
                  | SInv}
 29356 | Spider:2 | Reached XP level 18. HP: 176/176 MP: 18/18
 30158 | Spider:3 | Noticed Roxanne
 31092 | Spider:4 | Entered Level 4 of the Spider Nest
 31238 | Spider:4 | Reached skill level 20 in Fighting
 32457 | Spider:4 | Paralysed by a jorogumo for 2 turns
 32491 | Spider:4 | Blown up by an orb spider

Illustrated notes

Levels and vault maps discovered:
D:1:      amcnicky_arrival_abandoned_market, layout_loops_ring
D:2:      layout_loops_ring, corexii_corridor_pit, minmay_splitting_lines,
          uniq_crazy_yiuf_cottage
D:3:      layout_rooms
D:4:      minmay_door_path, layout_loops_ring, nicolae_dithmenos_shadow_blocks,
          minmay_temple_entry_tees, grunt_ministairs_15
D:5:      layout_loops_corners, mainiacjoe_overflow_six_doors_small,
          mainiacjoe_overflow_divided_tiny
D:6:      layout_basic, nicolae_ru_great_annihilating_truth, lemuel_round_altar,
          grunt_temple_overflow_forces_of_nature, portal_sewer_entry_a
D:7:      layout_rooms, lightli_corner_chamber, uniq_menkaure
D:8:      minmay_statue_hallways, layout_basic,
          lemuel_zombie_altar_kikubaaqudgha, erik_lair_dragon,
          minmay_misc_feat_tower, uniq_psyche, uniq_maurice, uniq_jeremiah
D:9:      layout_cave_pods, serial_shops, shop, nicolae_shop_tiny_glass,
          nicolae_shop_advertising_works [nicolae_subvault_shop_adworks],
          nicolae_shop_tiny_real_fake_doors, shop
D:10:     layout_loops_cross, mainiacjoe_overflow_surrounded_room,
          gammafunk_ghost_arena
D:11:     layout_roguey [special_room_orc], orc_0_dummy, serial_shops,
          nicolae_shop_just_a_little_nook, shop, shop_fountains, uniq_josephine
D:12:     layout_roguey
D:13:     nzn_winding_woodlands_small [nzn_winding_woodlands_5x15_jagged,
          nzn_winding_woodlands_center_diamonds,
          nzn_winding_woodlands_5x15_pockets], layout_layer_cave,
          hellmonk_vaults_keyhole, serial_ice, serial_ice_j, serial_ice_n,
          serial_ice_m, serial_ice_b, door_vault
D:14:     minmay_isolated_rectangles_in_corner, layout_loops_cross,
          serial_shops, bzr_entry_lakeside, shop, nicolae_shop_tiny_glass,
          elyvilon_altar_4, lemuel_old_faithful
Lair:1:   layout_cave_pods, uniq_harold, uniq_gastronok, uniq_amaemon
Lair:2:   layout_gridlike, swamp_mist_pool, grunt_forest_small_clearing_treed,
          uniq_fannar
Lair:3:   layout_loops_ring, spider_nest_entry_funnel_web,
          maelrawn_ghost_gauntlet_escape, nicolae_volcano_entry_batcave,
          portal_ice_cave_rime, st_stairs_12
Lair:4:   layout_misc_corridors, minmay_slime_entry_pillars, grunt_megastairs_4,
          infiniplex_staircase_pool_2, serial_bayou_shore_b
Lair:5:   grunt_lair_end_beastmaster, layout_regular_city, minivault_19,
          nicolae_lair_lindhole, infiniplex_staircase_pool
Spider:1: layout_spider_delve
Spider:2: layout_spider_delve, worms_lemuel
Spider:3: layout_cave_pods, uniq_roxanne
Spider:4: floodkiller_spider_rune_tomb
Orc:1:    layout_diamond_mine, serial_shops, nicolae_shop_overgrown_old_shop
Orc:2:    st_orc_open, layout_diamond_mine, lemuel_statue_altar, uniq_donald
Elf:1:    kennysheep_spiral_hall, layout_onion_city, minivault_28, minivault_13

Skill      XL: |  1  2  3  4  5  6  7  8  9 10 11 12 13 14 15 16 17 18 |
---------------+-------------------------------------------------------+-----
Axes           | 3 4 5 6 7 9 10 12 14 16 18 | 18.0
Fighting       | 4 5 6 7 9 10 11 13 14 16 17 18 19 20 | 20.4
Shields        | 4 5 7 8 9 11 12 13 14 16 17 18 | 18.8
Armour         | 4 5 7 8 9 11 12 13 14 16 17 18 | 18.9

Action                     |  1- 3 |  4- 6 |  7- 9 | 10-12 | 13-15 | 16-18 || total
---------------------------+-------+-------+-------+-------+-------+-------++-------
  Melee: War axe           |    77 |   195 |   328 |   131 |       |       ||   731
         Broad axe         |       |       |       |   329 |   998 |   756 ||  2083
    Use: Potion            |       |       |     4 |       |    10 |     4 ||    18
         Scroll            |       |       |     5 |    12 |    14 |     3 ||    34
   Stab: Paralysed         |       |       |     1 |       |       |       ||     1
         Distracted        |       |       |       |     1 |       |       ||     1
 Armour: Scale mail        |    47 |   151 |    78 |       |       |       ||   276
         Plate armour      |       |       |   154 |   347 |   779 |   626 ||  1906
         Skin              |       |       |       |     4 |       |       ||     4
  Dodge: Dodged            |    35 |    92 |   102 |   112 |   214 |   180 ||   735
  Block: Buckler           |    14 |    42 |   151 |   230 |   366 |       ||   803
         Reflection        |       |       |     3 |    17 |    15 |     8 ||    43
         Kite shield       |       |       |       |       |   191 |   747 ||   938

Table legend: (Time is in decaauts)
 A = Elapsed time spent in this place.
 B = Non-inter-level travel time spent in this place.
 C = Inter-level travel time spent in this place.
 D = Time resting spent in this place.
 E = Time spent auto-exploring this place.
 F = Levels seen in this place.
 G = Mean time per level.
                   A        B        C        D        E       F      G
               +--------+--------+--------+--------+--------+-----+--------+
         Total |  32313 |  29660 |   2653 |    791 |  23511 |  28 | 1154.0 |
       Dungeon |  17507 |  15687 |   1820 |    288 |  12523 |  14 | 1250.5 |
          Lair |   5852 |   5532 |    320 |    180 |   4439 |   5 | 1170.4 |
   Spider Nest |   4717 |   4577 |    140 |      0 |   3860 |   4 | 1179.2 |
  Orcish Mines |   2560 |   2190 |    370 |    211 |   1698 |   2 | 1280.0 |
   Elven Halls |    181 |    181 |      0 |      0 |     65 |   1 |  181.0 |
         Sewer |    565 |    565 |      0 |      0 |    361 |   1 |  565.0 |
       Volcano |    928 |    928 |      0 |    112 |    563 |   1 |  928.0 |
               +--------+--------+--------+--------+--------+-----+--------+

Top non-repeatable levels by time:
    D:13: 2698 daAuts
     D:8: 1934 daAuts
    D:12: 1831 daAuts
    D:11: 1543 daAuts
   Orc:2: 1541 daAuts
  Lair:1: 1514 daAuts
     D:5: 1370 daAuts
  Lair:5: 1329 daAuts
Spider:4: 1313 daAuts
     D:6: 1234 daAuts
  Lair:2: 1226 daAuts
Spider:3: 1222 daAuts
     D:4: 1176 daAuts
Spider:1: 1100 daAuts
Spider:2: 1081 daAuts
